 Dungeon Crawl Stone Soup version 0.30.1 (webtiles) character file.

Game seed: 10006580859047882945

42 Graphine the Conjurer (level 3, -12/25 HPs)
             Began as a Human Conjurer on July 5, 2023.
             Was an Initiate of Gozag.
             Killed by nerve-wracking pain
             ... invoked by an orc priest
              (16 damage)
             ... on level 2 of the Dungeon.
             The game lasted 00:04:42 (1778 turns).

Graphine the Conjurer (Human Conjurer)              Turns: 1778, Time: 00:04:43

Health: -12/25     AC:  4    Str:  7    XL:     3   Next: 80%
Magic:  0/6        EV: 12    Int: 23    God:    Gozag
Gold:   268        SH:  0    Dex: 11    Spells: 3/6 levels left

rFire   . . .        e - +0 short sword
rCold   . . .        (no shield)
rNeg    . . .        a - +0 robe
rPois   .            c - +1 helmet of Vapres {Harm Int+3}
rElec   .            (no cloak)
rCorr   .            (no gloves)
SInv    .            (no boots)
Will    .....        k - amulet of regeneration
Stlth   ++           (no ring)
HPRegen 1.04/turn    (no ring)
MPRegen 0.10/turn

%: harm (+30% outgoing, +20% incoming)
@: no status effects
A: no striking features
a: Renounce Religion, Potion Petition, Call Merchant, Bribe Branch


You were on level 2 of the Dungeon.
You worshipped Gozag.
Gozag was aware of your devotion.
You visited 1 branch of the dungeon, and saw 2 of its levels.

You collected 268 gold pieces.

Inventory:

Hand Weapons
 e - a +0 short sword (weapon)
Armour
 a - a +0 robe (worn)
 c - the +1 helmet of Vapres (worn) {Harm Int+3}
   (You acquired it on level 1 of the Dungeon)

   Int:       It affects your intelligence (+3).
   Harm:      It increases damage dealt and taken.
Jewellery
 k - an amulet of regeneration (around neck)
Scrolls
 l - a scroll of immolation {unknown}
Potions
 b - a potion of magic
 d - 2 potions of might {unknown}
 f - a potion of invisibility {unknown}
 g - a potion of berserk rage {unknown}
 h - a potion of lignification {unknown}
 i - 2 potions of attraction {unknown}


   Skills:
 + Level 0.4 Fighting
 + Level 2.4 Dodging
 - Level 2.3 Stealth
 + Level 2.3 Spellcasting
 * Level 4.3 Conjurations
 * Level 0.7 Hexes


You had 3 spell levels left.
You knew the following spells:

 Your Spells              Type           Power      Damage    Failure   Level
a - Magic Dart            Conj           88%        1d7       1%          1
b - Searing Ray           Conj           44%        2d6       3%          2

Your spell library contained the following spells:

 Spells                   Type           Power      Damage    Failure   Level
 Dazzling Flash           Conj/Hex       28%        N/A       13%         3
 Fulminant Prism          Conj/Hex       7%         3d7       41%         4
 Iskenderun's Mystic Bla  Conj/Tloc      12%        2d5       45%         4


Dungeon Overview and Level Annotations

Branches:
Dungeon (2/15)

Altars:
Gozag


Message History

Press: ? - help, Shift-Dir - straight line, f - orc priest
Aim: an orc priest, wielding a +0 dagger (wandering, hasn't noticed you, 100% to hit)
The magic dart hits the orc priest but does no damage.
The orc priest shouts!
The orc priest miscasts a cantrip.
Casting: Magic Dart (safe; 1% risk of failure)
Confirm with . or Enter, or press ? or * to list all spells.
Aiming: Magic Dart (safe; 1% risk of failure)
Press: ? - help, Shift-Dir - straight line, f/p - orc priest
Aim: an orc priest, wielding a +0 dagger (100% to hit)
The magic dart hits the orc priest.
The orc priest is lightly wounded.
The orc priest invokes the aid of Beogh against you.
Beogh smites you!
Ouch! That really hurt!
Casting: Magic Dart (safe; 1% risk of failure)
Confirm with . or Enter, or press ? or * to list all spells.
You can't see any susceptible monsters within range! (Use Z to cast anyway.)
Casting: Magic Dart (safe; 1% risk of failure)
Confirm with . or Enter, or press ? or * to list all spells.
Aiming: Searing Ray (safe; 3% risk of failure)
Press: ? - help, Shift-Dir - straight line, f/p - orc priest
Aim: an orc priest, wielding a +0 dagger (lightly wounded, 78% to hit)
The searing ray hits the orc priest.
The orc priest is heavily wounded. (Press . to maintain the ray.)
The orc priest calls down the wrath of Beogh upon you.
Pain shoots through your body!
Ouch! That really hurt!
* * * LOW HITPOINT WARNING * * *
A kobold comes into view. It is wielding a +0 whip.
The searing ray hits the orc priest.
The orc priest is almost dead.
The kobold shouts!
Okay, then.
The orc priest mumbles some strange prayers to Beogh against you.
Pain shoots through your body!
Ouch! That really hurt!
You die...
Your body crumbles into a pile of gold.

##.#.....# #..S
#.##...#### #..#
..###.#.......## #..#
#.......####...###...##.
..###....# #....#.....$.
#....# #.........#
####....####..)..$...#
..........o............
####...@####........###
#....# ########## #....#
#....# ######


You could see an orc priest.

Vanquished Creatures
  2 dart slugs (D:1)
  An orc (D:2)
  5 bats
  4 endoplasms
  2 goblins
  2 hobgoblins
  2 jackals (D:1)
  2 quokkas (D:1)
  7 ball pythons
  3 frilled lizards (D:1)
  2 kobolds (D:1)
  3 rats
35 creatures vanquished.

Notes
Turn   | Place    | Note
-------+----------+-------------------------------------------
     0 | D:1      | Graphine the Human Conjurer began the quest for the Orb.
     0 | D:1      | Reached XP level 1. HP: 13/13 MP: 3/3
    77 | D:1      | Found a faded altar of an unknown god.
   179 | D:1      | Prayed at the altar of an unknown god.
   179 | D:1      | Became a worshipper of Gozag Ym Sagoz the Greedy
   264 | D:1      | Reached XP level 2. HP: 14/19 MP: 0/5
   387 | D:1      | Learned a level 2 spell: Searing Ray
   898 | D:1      | Reached XP level 3. HP: 24/24 MP: 2/6
  1546 | D:1      | Identified a scroll of acquirement
  1546 | D:1      | Acquired the +1 helmet of Vapres {Harm Int+3}
  1778 | D:2      | Killed from afar by an orc priest

Illustrated notes

Levels and vault maps discovered:
D:1:      heliophobic_arrival_dark_side_of_the_moon, layout_loops_corners,
          ebering_ecumenical_altar_box, chequers_garden, minmay_box_of_dots
D:2:      minmay_inner_zag, layout_rooms, minmay_misc_feat_tower

Action                     || total
---------------------------++-------
  Melee: Short sword       ||    30
   Cast: Magic Dart        ||    68
         Searing Ray       ||     2
    Use: Scroll            ||     3
 Armour: Robe              ||     5
  Dodge: Dodged            ||    21
